 Dungeon Crawl Stone Soup version 0.21.1-1-g345015f (webtiles) character file.

83 zishaf the Slasher (level 4, -3/36 HPs)
             Began as a Barachi Fighter on May 12, 2018.
             Slain by a leopard gecko (4 damage)
             ... on level 1 of the Dungeon.
             The game lasted 00:01:38 (699 turns).

zishaf the Slasher (Barachi Fighter)                 Turns: 699, Time: 00:01:38

Health: -3/36      AC:  6    Str: 18    XL:     4   Next: 44%
Magic:  4/4        EV:  7    Int:  9    God:
Gold:   60         SH:  9    Dex: 11    Spells: 3/3 levels left

rFire    . . .     SeeInvis .   a - +0 long sword
rCold    . . .     Gourm    .   c - +0 shield
rNeg     . . .     Faith    .   b - +0 scale mail
rPois    .         Spirit   .   (no helmet)
rElec    .         Reflect  .   (no cloak)
rCorr    .         Harm     .   (no gloves)
MR       .....                  (no boots)
Stlth    ..........             (no amulet)
HPRegen  0.12/turn              (no ring)
MPRegen  0.09/turn              (no ring)

@: slow
A: +LOS, swims, slowness 1, strong legs 1
a: Hop


You were on level 1 of the Dungeon.
You were not hungry.

You visited 1 branch of the dungeon, and saw 2 of its levels.

You collected 60 gold pieces.

Inventory:

Hand Weapons
 a - a +0 long sword (weapon)
Armour
 b - a +0 scale mail (worn)
 c - a +0 shield (worn)
Scrolls
 g - a scroll of enchant weapon {unknown}
 j - a scroll of identify {unknown}
Potions
 d - a potion of might
 e - a potion of magic {unknown}
 h - a potion of curing {unknown}
 i - a potion of haste {unknown}
 k - a potion of brilliance {unknown}
Comestibles
 f - 5 rations


   Skills:
 - Level 3.6 Fighting
 + Level 5.5 Long Blades
 - Level 3.6 Armour
 - Level 3.2 Shields


You had 3 spell levels left.
You didn't know any spells.

Dungeon Overview and Level Annotations

Branches:
Dungeon (2/15)

Altars:


Innate Abilities, Weirdness & Mutations

Shadows flee at your approach. (+LOS)
You can swim through water.
You cover ground slowly.
You can hop short distances.


Message History

* * * LOW HITPOINT WARNING * * *
You closely miss the howler monkey.
The howler monkey is heavily wounded.
The howler monkey hoots and howls with incredible vigour!
You block the leopard gecko's attack.
Unknown command.
You slash the howler monkey!
You kill the howler monkey!
Your Long Blades skill increases to level 5!
You have reached level 4!
You feel clever. The leopard gecko bites you.
* * * LOW HITPOINT WARNING * * *
You block the leopard gecko's attack.
You hit the leopard gecko but do no damage.
The leopard gecko bites you but does no damage.
You closely miss the leopard gecko. The leopard gecko bites you.
* * * LOW HITPOINT WARNING * * *
The leopard gecko bites you.
You die...

###### ######## #....# #......#
#....# #......# #....# #......#
### #....# #......##### #..
#########..(.#####..........###.#
#..............>.................
#.#.....#######l@................
#.##.##.# #......(###.####......
#....##.# #.#####.# #.##########
#######.# #.# #.# #.##.......#
#.####.# #.###.##.#####.#
#......# #.)...##.# #.# ###....#
#.....##.# #.# ######....#
#.....##.# #.# #[........#
#........#####.#


You could see a leopard gecko.

Vanquished Creatures
  A howler monkey (D:1)
  An adder (D:1)
  An ooze (D:1)
  2 leopard geckos (D:1)
  2 bats (D:1)
  A giant cockroach (D:1)
  6 goblins (D:1)
  5 hobgoblins (D:1)
  6 kobolds (D:1)
  3 rats (D:1)
28 creatures vanquished.

Notes
Turn   | Place    | Note
-------+----------+-------------------------------------------
     0 | D:1      | zishaf the Barachi Fighter began the quest for the Orb.
     0 | D:1      | Reached XP level 1. HP: 18/18 MP: 1/1
    34 | D:1      | Reached skill level 3 in Long Blades
    80 | D:1      | Reached XP level 2. HP: 19/24 MP: 2/2
   283 | D:1      | Reached skill level 4 in Long Blades
   310 | D:1      | Reached XP level 3. HP: 29/29 MP: 3/3
   697 | D:1      | Reached skill level 5 in Long Blades
   697 | D:1      | Reached XP level 4. HP: 4/36 MP: 4/4
   699 | D:1      | HP: 1/36 [leopard gecko (2)]
   699 | D:1      | Slain by a leopard gecko

Skill      XL: |  1  2  3 |
---------------+----------+-----
Long Blades    | 3 4 5 |  5.5
Fighting       | |  3.6
Armour         | |  3.6
Shields        | |  3.2

Action                   |  1- 3 |  4- 6 || total
-------------------------+-------+-------++-------
Melee: Long sword        |    93 |     2 ||    95
Armor: Scale mail        |    41 |     1 ||    42
Dodge: Dodged            |    36 |       ||    36
Block: Shield            |    61 |     1 ||    62
       Rpst.: Long sword |    12 |       ||    12
